 Dungeon Crawl Stone Soup version 0.19-a0-1021-g80cc50c (webtiles) character file.

253922 mistymad the Eclecticist (level 19, -26/120 HPs)
             Began as a Deep Elf Conjurer on July 27, 2016.
             Was the Champion of Vehumet.
             Killed from afar by a deep elf annihilator (79 damage)
             ... with a crystal spear
             ... on level 3 of the Elven Halls.
             The game lasted 04:07:30 (49960 turns).

mistymad the Eclecticist (Deep Elf Conjurer)       Turns: 49960, Time: 04:07:31

Health: -26/120    AC: 10    Str:  5    XL:     19   Next: 1%
Magic:  5/53       EV: 22    Int: 37    God:    Vehumet [******]
Gold:   2131       SH:  6    Dex: 17    Spells: 10 memorised, 9 levels left

rFire  + . .     SeeInvis .     F - +2 hand axe of Konnasi {flame, rPois Int+8 Dex+2}
rCold  + + .     Gourm    .     a - +2 robe {rC+ rF+}
rNeg   . . .     Faith    .     q - +0 buckler {rC+}
rPois  +         Spirit   .     y - +0 hat {MR+}
rElec  .         Dismiss  .     s - +1 cloak {MR+}
rCorr  .         Reflect  .     o - +2 pair of gloves
SustAt .         Harm     .     m - +0 pair of boots {Fly}
MR     ++++.                    V - amulet of magic regeneration
Stlth  ++........               E - ring of protection from magic {=R}
                                K - ring of magical power

@: delayed fireball, incredibly resistant to hostile enchantments, unstealthy
A: no striking features
a: Renounce Religion, Release Delayed Fireball, Evoke Flight
}: 2/15 runes: decaying, gossamer


You were on level 3 of the Elven Halls.
You worshipped Vehumet.
Vehumet was exalted by your worship.
You were not hungry.

You visited 7 branches of the dungeon, and saw 34 of its levels.
You also visited: Trove and Ice Cave.

You collected 3135 gold pieces.
You spent 1004 gold pieces at shops.

Inventory:

Hand Weapons
 F - the +2 hand axe of Konnasi (weapon) {flame, rPois Int+8 Dex+2}
   (You found it on level 7 of the Dungeon)

   It has been specially enchanted to burn those struck by it, causing extra
   injury to most foes and up to half again as much damage against particularly
   susceptible opponents.
   Big, fiery blades are also staple armaments of hydra-hunters.
   It affects your intelligence (+8).
   It affects your dexterity (+2).
   It protects you from poison.
Armour
 a - a +2 robe of resistance (worn)
 m - a +0 pair of boots of flying (worn)
 o - a +2 pair of gloves (worn)
 q - a +0 buckler of cold resistance (worn)
 s - a +1 cloak of magic resistance (worn)
 y - a +0 hat of magic resistance (worn)
 T - a +1 robe of the Archmagi
Jewellery
 E - a ring of protection from magic (right hand) {=R}
 G - an uncursed ring of ice
 K - a ring of magical power (left hand)
 M - an uncursed ring of see invisible
 Q - an uncursed ring of positive energy
 S - an uncursed ring of protection from fire
 V - an amulet of magic regeneration (around neck)
Wands
 R - a wand of digging (9/24)
 U - a wand of teleportation (2/9)
Scrolls
 b - a scroll of summoning
 f - a scroll of brand weapon
 g - a scroll of fog
 i - a scroll of blinking
 j - 2 scrolls of holy word
 n - 9 scrolls of enchant armour
 u - 6 scrolls of remove curse
 w - 8 scrolls of teleportation
 I - 2 scrolls of fear
 L - 5 scrolls of enchant weapon
 O - 7 scrolls of identify
 X - 2 scrolls of magic mapping
 Y - 2 scrolls of recharging
Potions
 e - 10 potions of flight
 h - 8 potions of brilliance
 k - 8 potions of ambrosia
 l - 4 potions of agility
 p - 2 potions of cure mutation
 t - 2 potions of might
 v - 4 potions of heal wounds
 A - a potion of haste
 C - 2 potions of berserk rage
 D - 3 potions of magic
 H - a potion of cancellation
 N - a potion of beneficial mutation
 P - 4 potions of curing
 Z - 3 potions of resistance
Comestibles
 c - 17 bread rations
 d - 10 meat rations
 r - 5 beef jerkies
 x - 35 fruits
 z - a chunk of flesh
 J - 26 royal jellies


   Skills:
 + Level 13.6 Fighting
 - Level 13.4 Dodging
 - Level 2.4 Stealth
 - Level 5.0 Shields
 + Level 19.7 Spellcasting
 + Level 17.1 Conjurations
 - Level 6.3 Summonings
 + Level 14.2 Fire Magic
 - Level 9.3 Ice Magic


You had 9 spell levels left.
You knew the following spells:

 Your Spells              Type           Power        Failure   Level  Hunger
a - Lee's Rapid Deconstr  Erth           #####.....   8%          5    None
b - Delayed Fireball      Conj/Fire      N/A          1%          7    None
c - Iskenderun's Mystic   Conj           ########     0%          4    None
d - Fulminant Prism       Conj/Hex       #######...   1%          4    None
e - Iskenderun's Battles  Conj/Chrm      #######.     1%          5    None
f - Fireball              Conj/Fire      ########..   1%          5    None
g - Inner Flame           Hex/Fire       ######..     1%          3    None
h - Ozocubu's Refrigerat  Ice            #######...   1%          6    None
i - Orb of Destruction    Conj           ########..   1%          7    None
j - Spellforged Servitor  Conj/Summ      #######...   2%          7    None


Dungeon Overview and Level Annotations

Branches:
Dungeon (14/15)            Temple (1/1) D:4            Lair (6/6) D:9
  Swamp (4/4) Lair:4       Spider (4/4) Lair:2        Slime (0/5) Lair:5
    Orc (2/2) D:9             Elf (3/3) Orc:2        Vaults (0/5) D:14

Altars:
Ashenzari
Cheibriados
Dithmenos
Elyvilon
Fedhas
Gozag
Hepliaklqana
Kikubaaqudgha
Makhleb
Nemelex Xobeh
Okawaru
Pakellas
Qazlal
Ru
Sif Muna
Trog
Uskayaw
Vehumet
Xom
Yredelemnul
Zin
The Shining One
Beogh

Shops:
D:11 }   D:14 }   Orc:2 !?=*?   Elf:1 =   Elf:2 !

Annotations:
D:4 exclusion: ogre, Sigmund
Elf:2 3 runed doors


Message History

Aim: a deep elf annihilator, wielding a dagger (lightly wounded)
The fireball explodes!
The fireball engulfs the deep elf annihilator.
The deep elf annihilator is heavily wounded.
You now have 6/53 mp.
Casting: Fireball
Confirm with . or Enter, or press ? or * to list all spells.
Aiming: Fireball
Press: ? - help, Shift-Dir - straight line, f/p - deep elf annihilator
Aim: a deep elf annihilator, wielding a dagger (heavily wounded)
The fireball explodes!
The fireball engulfs the deep elf annihilator.
The deep elf annihilator is severely wounded.
You now have 2/53 mp.
The deep elf annihilator mumbles some strange words.
The deep elf annihilator blinks!
The deep elf annihilator casts a spell at you.
The crystal spear hits you!
Ouch! That really hurt!
You die...

#........ ##### ##........
##...## #......... ##.....##
###...)....
###.......########)#........
#............ยง....#..#.....#
#.#..)....######.###.#.....#
#.#......e#####.## ##.....##
#.#.#......@...## ##....##
##.#.##.##.###.## ##.....
##........)......## ##.#....
##...#........##.#.## ##.#..E..
###...###.......##.##.###.#.#...E
..##...#........##<###.#.#..#..#.
....#..............# ##..##....#E
..#.............##.####..##.#..#.
#######...)..............#.....#.


You could see a deep elf annihilator.

Vanquished Creatures
  An Ice Fiend (IceCv)
  Asterion (Elf:3)
  Kirke (Spider:1)
  A thorn hunter (Swamp:4)
  Roxanne (Spider:1)
  A deep elf sorcerer (Elf:3)
  A deep elf elementalist (Elf:3)
  The ghost of 4thArraOfDagon the Bludgeoner, a journeyman MiCK of Makhleb (Elf:2)
  6 emperor scorpions
  Louise (Spider:1)
  4 ghost moths
  4 entropy weavers
  3 deep elf demonologists
  3 deep elf annihilators
  A deep elf death mage (Elf:2)
  Snorg (Orc:1)
  Josephine (Orc:1)
  2 deep elf high priests (Elf:3)
  7 vault guards (D:14)
  10 hydras
  6 ghost crabs
  A catoblepas (Lair:5)
  Harold (Lair:3)
  4 centaur warriors
  6 dancing weapons
  8 alligators
  3 orc high priests (Orc:2)
  A tengu warrior (D:13)
  A queen ant (Lair:4)
  9 deep elf knights
  A fire crab (Lair:4)
  3 unseen horrors
  A spriggan druid (Swamp:3)
  A shambling mangrove (Swamp:2)
  2 swamp dragons (Swamp:3)
  3 spectral hydras (Swamp:4)
  A lindwurm (Lair:6)
  6 deep elf archers
  A phantasmal warrior (Swamp:4)
  5 orc knights (Orc:2)
  6 hill giants
  18 orb spiders
  28 wolf spiders
  29 deep elf magi
  7 orc sorcerers
  2 oklob plants
  6 ugly things
  3 hornets
  A manticore (D:13)
  4 moths of wrath
  4 cyclopes
  3 elephants (Lair:4)
  2 centaur zombies
  2 ice statues (IceCv)
  8 black mambas
  2 torpor snails (Spider:2)
  22 spiny frogs
  4 swamp worm zombies (Swamp:4)
  A rime drake (D:13)
  10 komodo dragons
  18 demonic crawlers
  14 ice devils (IceCv)
  3 hydra zombies (Swamp:4)
  3 meliai (Spider:4)
  6 polar bears
  5 trolls
  9 giant leeches
  2 queen bees
  30 jumping spiders
  A polar bear (shapeshifter) (D:14)
  A boulder beetle (Spider:1)
  A two-headed ogre (D:12)
  19 slime creatures
  2 meliai zombies
  A spectral swamp dragon (Swamp:4)
  5 alligator zombies (Swamp:4)
  5 bog bodies
  51 redbacks
  2 wyverns (D:12)
  3 wraiths (Orc:1)
  14 spriggans
  3 water elementals
  2 air elementals (Elf:2)
  A shadow (D:14)
  A vampire (D:13)
  30 tarantellas
  34 yaks
  5 hogs
  A fire elemental (Elf:3)
  A human (Spider:1)
  A basilisk (Lair:3)
  14 vampire mosquitoes
  5 hippogriffs
  2 mottled dragons
  4 wargs
  Edmund (D:6)
  16 swamp worms
  3 insubstantial wisps
  17 soldier ants (Lair:4)
  8 water moccasins
  21 orc warriors
  8 porcupines
  6 swamp drakes
  A swamp dragon zombie (Swamp:4)
  6 black bears
  8 phantoms
  7 necrophages
  13 wasps
  3 sky beasts
  9 ice beasts
  An eye of draining (D:10)
  30 wolves
  3 boggarts (Lair:6)
  9 ogres
  12 crocodiles
  16 centaurs
  10 giant frogs
  2 big kobolds
  A giant frog (shapeshifter) (D:14)
  An earth elemental (Elf:3)
  2 wyvern skeletons (D:10)
  2 scorpions
  49 killer bees
  7 wights
  9 electric eels
  2 howler monkeys (D:10)
  4 crimson imps
  4 jellies
  4 quasits
  2 giant frog zombies
  Crazy Yiuf (D:7)
  21 orc priests
  3 centaur skeletons
  5 hounds
  16 orc wizards
  A giant frog skeleton (D:8)
  10 iguanas
  A spectral swamp drake (Swamp:4)
  24 worker ants
  A killer bee zombie (D:5)
  26 sheep
  3 hound skeletons
  2 worker ant zombies (D:11)
  11 gnolls
  16 river rats
  10 adders
  3 shadow imps
  2 white imps (IceCv)
  8 ufetubi (IceCv)
  4 oozes
  5 worms
  5 dart slugs
  4 giant geckos
  59 orcs
  6 giant cockroaches
  11 goblins
  15 hobgoblins
  4 quokkas
  2 ball pythons
  9 bats
  2 giant newts
  A jackal skeleton (D:4)
  14 kobolds
  23 rats
  4 briar patches (Swamp:4)
  2 bushes (Lair:6)
  4 fulminant prisms
  4 fungi
  2 plants (Lair:5)
1217 creatures vanquished.

Vanquished Creatures (collateral kills)
  Nikola (Swamp:3)
  A bone dragon (Swamp:4)
  An Ice Fiend (IceCv)
  The ghost of happinesssam the Fencer, an adept HESk of Hepliaklqana (Swamp:2)
  A vault guard (D:14)
  A dancing weapon (Elf:3)
  An alligator (Swamp:2)
  The ghost of Shenda the Carver, a novice DsGl of Dithmenos (IceCv)
  2 deep elf knights
  A spectral hydra (Swamp:4)
  2 swamp dragons
  2 spriggan druids (Swamp:4)
  2 deep elf magi
  2 hornets (Swamp:2)
  A moth of wrath (shapeshifter) (Elf:1)
  A giant leech (Swamp:2)
  A hydra zombie (Swamp:4)
  2 bog bodies
  9 slime creatures
  A spectral swamp dragon (Swamp:4)
  A vampire mosquito (Swamp:3)
  3 insubstantial wisps (Swamp:4)
  2 swamp worms
  A swamp drake (Swamp:2)
  3 phantoms (Swamp:4)
  A swamp dragon zombie (Swamp:4)
  An earth elemental (Elf:1)
  A swamp drake zombie (Swamp:4)
  2 briar patches (Swamp:4)
49 creatures vanquished.

Vanquished Creatures (others)
  The ghost of p0werm0de the Fighter, a journeyman DsFi of Xom (IceCv)
  A deep elf knight (D:9)
  A deep elf mage (Elf:3)
  A hornet (Swamp:4)
  A human (Spider:1)
  A howler monkey (D:7)
  A worker ant (D:6)
  6 white imps (IceCv)
  An ufetubus (IceCv)
  2 orcs (D:5)
  6 briar patches (Swamp:4)
  49 fulminant prisms
  22 fungi
  8 plants
101 creatures vanquished.

Grand Total: 1367 creatures vanquished

Notes
Turn   | Place    | Note
-------+----------+-------------------------------------------
     0 | D:1      | mistymad the Deep Elf Conjurer began the quest for the Orb.
     0 | D:1      | Reached XP level 1. HP: 10/10 MP: 6/6
   208 | D:1      | Reached XP level 2. HP: 15/15 MP: 2/8
   293 | D:1      | Learned a level 2 spell: Searing Ray
   460 | D:1      | Reached skill level 4 in Spellcasting
   491 | D:1      | Reached skill level 5 in Conjurations
   494 | D:1      | Reached XP level 3. HP: 19/19 MP: 3/10
  1343 | D:2      | Reached XP level 4. HP: 24/24 MP: 6/12
  1764 | D:2      | Learned a level 4 spell: Iskenderun's Mystic Blast
  1769 | D:2      | Learned a level 4 spell: Fulminant Prism
  2148 | D:3      | Found an opulent altar of Gozag.
  2428 | D:3      | Reached skill level 5 in Spellcasting
  2508 | D:3      | Reached XP level 5. HP: 27/28 MP: 6/14
  2731 | D:3      | Found a white marble altar of Elyvilon.
  3298 | D:4      | Reached skill level 6 in Spellcasting
  3501 | D:4      | Reached XP level 6. HP: 22/33 MP: 3/17
  3521 | D:4      | Reached skill level 1 in Fighting
  4375 | D:4      | Found a staircase to the Ecumenical Temple.
  4388 | Temple   | Entered the Ecumenical Temple
  4515 | Temple   | Became a worshipper of Vehumet
  4583 | D:4      | Noticed Sigmund
  5156 | D:5      | Entered Level 5 of the Dungeon
  5331 | D:5      | Reached XP level 7. HP: 40/40 MP: 10/19
  5461 | D:5      | Learned a level 5 spell: Iskenderun's Battlesphere
  5566 | D:5      | Reached skill level 7 in Spellcasting
  5882 | D:5      | Reached * piety under Vehumet
  5882 | D:5      | Offered knowledge of Freeze by Vehumet.
  6077 | D:6      | Noticed Edmund
  6265 | D:6      | Reached skill level 8 in Spellcasting
  6294 | D:6      | Reached XP level 8. HP: 38/46 MP: 2/22
  6491 | D:6      | Killed Edmund
  6556 | D:6      | Found a burning altar of Makhleb.
  6839 | D:6      | Reached skill level 9 in Spellcasting
  7529 | D:7      | Found a shimmering altar of Xom.
  7587 | D:7      | Reached XP level 9. HP: 47/51 MP: 4/24
  7737 | D:7      | Got a crude hand axe
  7738 | D:7      | Identified the +2 hand axe of Konnasi {flame, rPois Int+8 Dex+2} (You found it on level 7 of the Dungeon)
  7876 | D:7      | Found a radiant altar of Vehumet.
  7887 | D:7      | Offered knowledge of Throw Frost by Vehumet.
  7938 | D:7      | Reached ** piety under Vehumet
  8281 | D:7      | Found a runed door.
  8288 | D:7      | Noticed Crazy Yiuf
  8289 | D:7      | Killed Crazy Yiuf
  8387 | D:8      | Reached skill level 5 in Fighting
  8387 | D:8      | Reached skill level 5 in Dodging
  8387 | D:8      | Reached skill level 10 in Spellcasting
  9149 | D:8      | Offered knowledge of Inner Flame by Vehumet.
  9540 | D:9      | Reached skill level 10 in Conjurations
  9669 | D:9      | Reached XP level 10. HP: 22/59 MP: 12/26
  9993 | D:9      | Reached *** piety under Vehumet
 10034 | D:9      | Reached skill level 11 in Spellcasting
 10330 | D:9      | Offered knowledge of Stone Arrow by Vehumet.
 10479 | D:9      | Found a staircase to the Lair.
 10646 | D:9      | Found a blossoming altar of Fedhas.
 10646 | D:9      | Found a bloodstained altar of Trog.
 10662 | D:9      | Reached **** piety under Vehumet
 10777 | D:9      | Offered knowledge of Lee's Rapid Deconstruction by Vehumet.
 10788 | D:9      | Learned a level 5 spell: Lee's Rapid Deconstruction
 10812 | D:9      | Found an oddly glowing altar of Pakellas.
 10813 | D:9      | Noticed a deep elf knight
 10816 | D:9      | Killed a deep elf knight
 10828 | D:9      | Reached skill level 1 in Shields
 11051 | D:9      | Found a staircase to the Orcish Mines.
 11058 | D:9      | Found a roughly hewn altar of Beogh.
 11769 | D:10     | Entered Level 10 of the Dungeon
 12024 | D:10     | HP: 2/61 [something (11)]
 12343 | Lair:1   | Entered Level 1 of the Lair of Beasts
 12343 | Lair:1   | Noticed a spiny frog
 12347 | Lair:1   | Killed a spiny frog
 12535 | Lair:1   | Noticed a spiny frog
 12537 | Lair:1   | Noticed a spiny frog
 12538 | Lair:1   | Killed a spiny frog
 12538 | Lair:1   | Reached XP level 11. HP: 54/66 MP: 2/28
 12593 | Lair:1   | Reached skill level 12 in Spellcasting
 12695 | Lair:1   | You fall through a shaft!
 13303 | Lair:1   | Found a hazy altar of Hepliaklqana.
 13525 | Lair:1   | Learned a level 5 spell: Fireball
 13626 | Lair:2   | Found a hole to the Spider Nest.
 13626 | Lair:2   | Noticed an orb spider
 13631 | Lair:2   | Killed an orb spider
 13651 | Lair:2   | Reached skill level 1 in Fire Magic
 13819 | Lair:2   | Reached ***** piety under Vehumet
 13819 | Lair:2   | Offered knowledge of Bolt of Cold by Vehumet.
 13924 | Lair:2   | Noticed a six-headed hydra
 13926 | Lair:2   | Killed a six-headed hydra
 14275 | Lair:3   | Noticed Harold
 15934 | Lair:3   | Killed Harold
 15934 | Lair:3   | Reached skill level 10 in Dodging
 15934 | Lair:3   | Reached XP level 12. HP: 63/73 MP: 19/30
 16344 | Lair:4   | Reached skill level 13 in Spellcasting
 16697 | Lair:4   | Noticed an entropy weaver
 16936 | Lair:4   | Killed an entropy weaver
 16936 | Lair:4   | Reached skill level 5 in Shields
 16936 | Lair:4   | Reached skill level 5 in Fire Magic
 17292 | Lair:4   | Noticed a queen ant
 17299 | Lair:4   | Killed a queen ant
 17324 | Lair:4   | Noticed an entropy weaver
 17517 | Lair:4   | Found a white marble altar of Elyvilon.
 17722 | Lair:4   | Found a staircase to the Swamp.
 18933 | Lair:5   | Noticed a catoblepas
 18938 | Lair:5   | Killed a catoblepas
 19618 | Lair:5   | Found a staircase to the Slime Pits.
 19622 | Lair:5   | Reached XP level 13. HP: 79/79 MP: 23/32
 19797 | Lair:6   | Entered Level 6 of the Lair of Beasts
 20010 | Lair:6   | Reached skill level 14 in Spellcasting
 20011 | Lair:6   | Offered knowledge of Ozocubu's Refrigeration by Vehumet.
 20030 | Lair:6   | Learned a level 3 spell: Inner Flame
 21432 | Lair:6   | Learned a level 6 spell: Ozocubu's Refrigeration
 22329 | Orc:1    | Entered Level 1 of the Orcish Mines
 22337 | Orc:1    | Noticed Snorg
 22339 | Orc:1    | Killed Snorg
 22339 | Orc:1    | Reached skill level 1 in Ice Magic
 22634 | Orc:2    | Entered Level 2 of the Orcish Mines
 23196 | Orc:2    | Found a staircase to the Elven Halls.
 23282 | Orc:2    | Found Wimaor's Magic Scroll Shop.
 23284 | Orc:2    | Found a burning altar of Makhleb.
 23394 | Orc:2    | Reached skill level 10 in Fighting
 23398 | Orc:2    | Reached XP level 14. HP: 64/88 MP: 7/34
 23679 | Orc:2    | Reached skill level 5 in Ice Magic
 24006 | Orc:2    | Reached ****** piety under Vehumet
 24027 | Orc:2    | Identified a scroll of acquirement
 24084 | Orc:2    | Found Piablum's Assorted Antiques.
 24084 | Orc:2    | Found Geubomour's Distillery.
 24085 | Orc:2    | Found Ruddaheo's Jewellery Shop.
 24085 | Orc:2    | Found Ilecaer's Magic Scroll Shop.
 24111 | Orc:2    | Bought a sapphire potion for 27 gold pieces
 24111 | Orc:2    | Bought a fuming brown potion for 27 gold pieces
 24123 | Orc:2    | Bought a potion of experience for 650 gold pieces
 24136 | Orc:2    | Reached XP level 15. HP: 92/92 MP: 35/35
 24426 | Orc:2    | Bought an uncursed ring of see invisible for 210 gold pieces
 24487 | Orc:1    | Noticed Josephine
 24719 | Orc:1    | Killed Josephine
 24738 | Orc:1    | Offered knowledge of Conjure Ball Lightning by Vehumet.
 24944 | Orc:2    | Bought a scroll of identify for 30 gold pieces
 24944 | Orc:2    | Bought a scroll of identify for 30 gold pieces
 24944 | Orc:2    | Bought a scroll of identify for 30 gold pieces
 25266 | D:10     | Found an iron altar of Okawaru.
 25309 | D:10     | Learned a level 7 spell: Orb of Destruction
 25963 | D:11     | Reached skill level 15 in Spellcasting
 25974 | D:11     | Got a pair of polished boots
 25985 | D:11     | Identified the -4 pair of boots "Wiunank" {+Inv rN++ Str+4 Int-4} (You acquired it on level 11 of the Dungeon)
 26056 | D:11     | Found Ekyxedill's Gadget Shoppe.
 27428 | D:13     | Found a frozen archway.
 28390 | D:13     | Offered knowledge of Freezing Cloud by Vehumet.
 29000 | D:14     | Found a portal to a secret trove of treasure.
 29028 | D:14     | Found Xoseumo's Gadget Boutique.
 30123 | Spider:1 | Entered Level 1 of the Spider Nest
 30481 | Spider:1 | Noticed Kirke
 30601 | Spider:1 | Killed Kirke
 30601 | Spider:1 | Reached XP level 16. HP: 100/100 MP: 23/37
 30605 | Spider:1 | Offered knowledge of Delayed Fireball by Vehumet.
 30614 | Spider:1 | Learned a level 7 spell: Delayed Fireball
 30961 | Spider:1 | Noticed Louise
 31103 | Spider:1 | Killed Louise
 31451 | Spider:1 | Noticed Roxanne
 31460 | Spider:1 | Killed Roxanne
 31460 | Spider:1 | Reached skill level 16 in Spellcasting
 32336 | Spider:2 | Reached skill level 10 in Fire Magic
 34371 | Spider:4 | Entered Level 4 of the Spider Nest
 34923 | Spider:4 | Reached skill level 17 in Spellcasting
 36039 | Spider:4 | Got a crude scimitar
 36051 | Spider:4 | Reached skill level 15 in Conjurations
 36327 | Spider:4 | Identified the +2 scimitar "Qoriukh" {drain, Str+3} (You found it on level 4 of the Spider Nest)
 36383 | Spider:4 | Reached XP level 17. HP: 102/106 MP: 20/40
 36756 | Spider:4 | Offered knowledge of Poisonous Cloud by Vehumet.
 37694 | Spider:4 | Got a gossamer rune of Zot
 38080 | Swamp:1  | Entered Level 1 of the Swamp
 38113 | Swamp:1  | Learned a level 7 spell: Spellforged Servitor
 39553 | Swamp:2  | Noticed happinesssam's ghost (adept HESk)
 39554 | Swamp:2  | Reached skill level 18 in Spellcasting
 39559 | Swamp:2  | Killed happinesssam's ghost
 40805 | Swamp:3  | Noticed Nikola
 40813 | Swamp:3  | Killed Nikola
 41109 | Swamp:3  | Offered knowledge of Poison Arrow by Vehumet.
 41561 | Swamp:3  | Reached skill level 1 in Summonings
 42134 | Swamp:4  | Entered Level 4 of the Swamp
 43191 | Swamp:4  | Reached XP level 18. HP: 100/113 MP: 16/42
 43197 | Swamp:4  | Noticed a bone dragon
 43643 | Swamp:4  | Killed a bone dragon
 44071 | Swamp:4  | Got a decaying rune of Zot
 44707 | Elf:1    | Entered Level 1 of the Elven Halls
 45087 | Elf:1    | Reached skill level 19 in Spellcasting
 45361 | Elf:1    | Found Tioroefu's Jewellery Boutique.
 45820 | Elf:1    | Offered knowledge of Lehudib's Crystal Spear by Vehumet.
 45820 | Elf:1    | Offered knowledge of Glaciate by Vehumet.
 45820 | Elf:1    | Offered knowledge of Chain Lightning by Vehumet.
 46142 | Elf:2    | Got a dull robe
 46156 | Elf:1    | Reached skill level 5 in Summonings
 46232 | Elf:2    | Identified the +1 robe "Pudog" {*Contam rC+ MP+9 Dex+9} (You found it on level 2 of the Elven Halls)
 46339 | Elf:2    | Found Emehi's Distillery.
 46604 | Elf:2    | Noticed 4thArraOfDagon's ghost (journeyman MiCK)
 46609 | Elf:2    | Killed 4thArraOfDagon's ghost
 46671 | Elf:2    | Found a runed gate.
 46671 | Elf:2    | Found a runed gate.
 46671 | Elf:2    | Found a runed gate.
 46721 | Elf:3    | Entered Level 3 of the Elven Halls
 46739 | Elf:3    | Found a frozen archway.
 46751 | IceCv    | Entered an ice cave
 46751 | IceCv    | Noticed Shenda's ghost (novice DsGl)
 46759 | IceCv    | Killed Shenda's ghost
 46947 | IceCv    | Killed p0werm0de's ghost
 47185 | IceCv    | Noticed an Ice Fiend
 47193 | IceCv    | Killed an Ice Fiend
 47201 | IceCv    | Noticed an Ice Fiend
 47212 | IceCv    | Killed an Ice Fiend
 48021 | Elf:3    | Noticed Asterion
 48403 | Elf:3    | Killed Asterion
 48732 | D:14     | You paid a toll of a +6 demon trident to enter a treasure trove
 48733 | Trove    | Entered a treasure trove
 48768 | Trove    | Got a bound amethyst amulet
 48770 | Trove    | Got a crude tin amulet
 48774 | Trove    | Got a faintly glowing jade amulet
 48793 | Trove    | Got a twisted great sword
 48843 | Trove    | Identified the cursed +1 great sword of Valour {slice, rElec Dex+2 Stlth+} (You found it in a treasure trove)
 48852 | D:14     | Identified the amulet "Toichaklaw" {Faith Dex+3} (You found it in a treasure trove)
 48853 | D:14     | Identified the amulet of Qiywoq {+Rage Str+3} (You found it in a treasure trove)
 48854 | D:14     | Identified the amulet of Uskayaw's Generosity {Inacc rPois rF+ rC+++ Int-4} (You found it in a treasure trove)
 49027 | D:14     | Found a gate to the Vaults.
 49708 | Elf:3    | Found a deep blue altar of Sif Muna.
 49950 | Elf:3    | Reached XP level 19. HP: 50/120 MP: 9/44
 49960 | Elf:3    | Killed from afar by a deep elf annihilator

Vault maps used:
D:1:      elethiomel_arrival_maze, minmay_pentomino_w2
D:2:      eino_curves_04
D:3:      old_standard_altar, old_standard_altar
D:4:      uniq_sigmund
D:5:      first_bread
D:6:      makhleb_blood_cavern_becter, uniq_edmund
D:7:      lemuel_coloured_pillars_altar, vehumet_altar_wand_db,
          uniq_crazy_yiuf_cottage
D:9:      gammafunk_pakellas_spire_experiment, gammafunk_temple_overflow_statue,
          grunt_lair_entry_orc_guard_hut, minmay_orc_entry_temple_small,
          david_nohive_1
D:10:     okawaru_ov_weapons_minmay
D:11:     serial_shops, nicolae_shop_window_shopping
D:12:     serial_park_tiny_2
D:13:     portal_ice_cave_entry_animals_and_master, kennysheep_generic_room_4
D:14:     erik_vaults_2, enter_trove_1, serial_shops, nicolae_shop_trees,
          hangedman_abyss_or_decor_slice
Temple:   nicolae_temple_elliptical
Lair:1:   basic_altar, enter_volcano_2, grunt_megastairs_2
Lair:2:   nicolae_spider_entry_orb_guardian, grunt_forest_small_clearings
Lair:3:   beast_lair_carwin_11, lemuel_fruit_tree, infiniplex_staircase_pool_2,
          uniq_harold
Lair:4:   minmay_swamp_entry_worms, basic_altar, minmay_another_anthill
Lair:5:   minmay_slime_entry_oklob_enclosed, wad_woods_road_06,
          infiniplex_staircase_pool
Lair:6:   minmay_lair_end_enchanted_forest, nicolae_quartered_pool_little,
          minmay_lair_oklob_bushes, lemuel_fruit_fields, grunt_megastairs_3
Swamp:1:  nicolae_swamp_feature_on_the_river_bank, swamp_pool2,
          roderic_carrion_pond
Swamp:2:  serial_swamp_ruin, evilmike_swamp_ruin_house_4,
          evilmike_swamp_ruin_house_6, evilmike_swamp_ruin_house_3, swamp_pool4
Swamp:3:  hangedman_swamp_ruin_hall, swamp_pool3, hangedman_swamp_diagram,
          uniq_nikola
Swamp:4:  swamp_pestilence
Spider:1: uniq_louise, uniq_roxanne, uniq_kirke
Spider:3: spider_trap
Spider:4: guppyfry_spider_rune, special_room
Orc:1:    uniq_snorg, uniq_josephine
Orc:2:    st_orc_elflike, basic_altar, serial_shops, shop
Elf:1:    eino_elf_arrival_the_gate, serial_shops, shop,
          hangedman_elf_represent, roderic_lattice_octagonal_star
Elf:2:    serial_shops, nicolae_shop_trees
Elf:3:    nooodl_elf_gasket, portal_ice_cave_entry_pillars_1, tgw_sif,
          uniq_asterion
Trove:    trove_garden
IceCv:    ice_cave_small_demon

Skill      XL: |  1  2  3  4  5  6  7  8  9 10 11 12 13 14 15 16 17 18 |
---------------+-------------------------------------------------------+-----
Spellcasting   | 4 5 6 8 9 10 11 12 13 14 15 17 18 19 | 19.7
Conjurations   | 5 6 7 8 10 11 12 13 15 16 17 | 17.1
Fighting       | 2 3 4 5 6 7 8 10 11 12 13 | 13.6
Dodging        | 4 6 8 10 11 12 13 | 13.4
Shields        | 2 4 5 |  5.0
Fire Magic     | 3 6 7 9 11 12 14 | 14.2
Ice Magic      | 4 8 9 |  9.3
Summonings     | 2 6 |  6.3
Stealth        | |  2.4

Action                   |  1- 3 |  4- 6 |  7- 9 | 10-12 | 13-15 | 16-18 | 19-21 || total
-------------------------+-------+-------+-------+-------+-------+-------+-------++-------
Melee: Dagger            |     6 |    63 |     8 |       |       |       |       ||    77
       Unarmed           |     1 |       |       |       |       |       |       ||     1
       Flail             |       |    26 |       |       |       |       |       ||    26
       Spear             |       |     9 |    97 |       |       |       |       ||   106
       Hand axe          |       |       |    63 |   138 |    27 |    10 |       ||   238
 Cast: Magic Dart        |    60 |    81 |     6 |       |       |       |       ||   147
       Searing Ray       |     1 |     1 |     6 |    17 |       |       |       ||    25
       Iskenderun's Myst |       |    29 |    80 |   279 |   349 |   606 |       ||  1343
       Fulminant Prism   |       |       |    14 |    25 |    14 |       |       ||    53
       Iskenderun's Batt |       |       |     3 |    34 |    56 |    64 |       ||   157
       Fireball          |       |       |       |    17 |    76 |   282 |     3 ||   378
       Orb of Destructio |       |       |       |       |    12 |    49 |       ||    61
       Ozocubu's Refrige |       |       |       |       |     2 |       |       ||     2
       Lee's Rapid Decon |       |       |       |       |     1 |    23 |       ||    24
       Delayed Fireball  |       |       |       |       |       |    18 |       ||    18
       Inner Flame       |       |       |       |       |       |     1 |       ||     1
       Spellforged Servi |       |       |       |       |       |    36 |       ||    36
 Abil: Release Delayed F |       |       |       |       |       |    17 |       ||    17
       Stop Flying       |       |       |       |       |       |     1 |       ||     1
Evoke: Wand              |       |       |       |       |       |     4 |       ||     4
  Use: Scroll            |       |    10 |     5 |    13 |    13 |    22 |       ||    63
       Potion            |       |       |       |     4 |     1 |     4 |       ||     9
 Stab: Sleeping          |       |     3 |     5 |       |       |       |       ||     8
  Eat: Chunk             |     1 |    25 |    17 |    31 |    34 |    40 |       ||   148
       Fruit             |       |       |       |       |       |     6 |       ||     6
       Pizza             |       |       |       |       |       |     8 |       ||     8
Armor: Robe              |     3 |    40 |    56 |    40 |    16 |    68 |       ||   223
       Leather armour    |       |       |       |    26 |    38 |       |       ||    64
       Steam dragon armo |       |       |       |     2 |       |       |       ||     2
Dodge: Dodged            |     4 |    98 |   126 |   246 |   152 |   338 |       ||   964
Block: Buckler           |       |       |       |    30 |    77 |   156 |       ||   263
